cohdb
Replays
Latest Replays
All Replays
Popular Replays
Top Player Replays
Match Explorer
How It Works
Community
CoH3 Stats
Reddit
Sign in to upload your games and track your stats! →
Sign in with Steam
Match 42314759
Unlisted
Match 42314759
Overview
Messages
Build Orders
End
Selects Special Operations Battlegroup
Selects M29 Weasel Recon Vehicle
Construct Weapon Support Center
M29 Weasel Recon Vehicle
M1919 Machine Gun Team
Bazooka Squad
M29 Weasel Recon Vehicle
Mechanized Support Center
Bazooka Squad
M1919 Machine Gun Team
Selects Mark Vehicle
Selects UNKNOWN (2162291)
M3 Armored Personnel Carrier
Selects Raiding Flares
Engineer Squad
M1919 Machine Gun Team
Construct Tank Depot
Selects SSF Commando Squad
Selects Air Re-supply Operation
SSF Commando Squad
M4A1 Sherman Whizbang
SSF Commando Squad
M4A1 Sherman Whizbang
SSF Commando Squad
Raiding Flares
Mark Vehicle
M3 Armored Personnel Carrier
SSF Commando Squad
Mark Vehicle
M18 Hellcat Tank Destroyer
SSF Commando Squad
Mark Vehicle
晴天小怪兽
諾爾斯
kenleung
SI-LAY-COW
樱岛麻衣
干死日本鬼子
Narobit
小先生。
0
0
Comments
sign in to comment!
No comments posted yet!